 Dungeon Crawl Stone Soup version 0.21-a0-154-gb5400c9 (webtiles) character file.

146198 tilp the Scorcher (level 17, -1/165 HPs)
             Began as a Hill Orc Fire Elementalist on Aug 1, 2017.
             Was the Champion of Okawaru.
             Shot with a bolt by a naga sharpshooter (12 damage)
             ... on level 2 of the Snake Pit on Aug 2, 2017.
             The game lasted 04:05:51 (54502 turns).

tilp the Scorcher (Hill Orc Fire Elementalist)     Turns: 54502, Time: 04:05:52

Health: -1/165     AC: 22    Str: 15    XL:     17   Next: 44%
Magic:  12/23      EV: 14    Int: 25    God:    Okawaru [******]
Gold:   1015       SH:  5    Dex: 11    Spells: 1/24 levels left

rFire    + . .     SeeInvis .   L - +3 broad axe of the World {chop, *Drain MR+ Str+4}
rCold    + + .     Gourm    .   Q - +2 buckler {reflect}
rNeg     + . .     Faith    .   T - +2 ring mail "Emmuarcha" {rF+ rC+ Stlth+}
rPois    +         Spirit   .   Y - +0 hat of Okawaru's Generosity {rC+ MR+ Int+2}
rElec    .         Reflect  +   b - +2 cloak
rCorr    .         Harm     .   A - +2 pair of gloves
MR       ++++.                  k - +2 pair of boots
Stlth    ++........             (no amulet)
HPRegen  0.37/turn              K - +5 ring of protection
MPRegen  0.18/turn              O - ring "Eblubuerr" {rPois rN+ Str-2 Int+3}

@: lethally poisoned (-1 -> -1)
A: antennae 1, claws 1, magic resistance 1, robust 1, no potion heal 1
a: Heroism, Finesse, Renounce Religion


You were on level 2 of the Snake Pit.
You worshipped Okawaru.
Okawaru was exalted by your worship.
You were not hungry.

You visited 7 branches of the dungeon, and saw 29 of its levels.
You also visited: Labyrinth and Ossuary.

You collected 3107 gold pieces.
You spent 2092 gold pieces at shops.

Inventory:

Hand Weapons
 h - the +3 great mace of Tuunatt {drain, +Rage rC+ rN+ Dex-2, unknown}
   (Okawaru gifted it to you on level 1 of the Snake Pit)

   A truly terrible weapon, it drains the life of those it strikes.
   It affects your dexterity (-2).
   It protects you from cold.
   It protects you from negative energy.
   It lets you go berserk.
 L - the +3 broad axe of the World (weapon) {chop, *Drain MR+ Str+4}
   (Okawaru gifted it to you on level 4 of the Lair of Beasts)

   It inflicts extra damage upon your enemies.
   It affects your strength (+4).
   It affects your resistance to hostile enchantments.
   It causes draining when unequipped.
Missiles
 g - 5 javelins of returning (quivered)
Armour
 b - a +2 cloak (worn)
 k - a +2 pair of boots (worn)
 n - a +2 robe of magic resistance
 x - a +1 robe of fire resistance
 A - a +2 pair of gloves (worn)
 Q - a +2 buckler of reflection (worn)
 T - the +2 ring mail "Emmuarcha" (worn) {rF+ rC+ Stlth+}
   (You found it on level 12 of the Dungeon)

   It protects you from fire.
   It protects you from cold.
   It makes you more stealthy.
 Y - the +0 hat of Okawaru's Generosity (worn) {rC+ MR+ Int+2}
   (Okawaru gifted it to you on level 10 of the Dungeon)

   It affects your intelligence (+2).
   It protects you from cold.
   It affects your resistance to hostile enchantments.
Magical Staves
 P - an uncursed staff of energy
Jewellery
 u - an uncursed ring of protection from cold
 E - an uncursed ring of positive energy
 J - an uncursed ring of protection from fire
 K - a +5 ring of protection (left hand)
 O - the ring "Eblubuerr" (right hand) {rPois rN+ Str-2 Int+3}
   (You found it on level 12 of the Dungeon)

   [ring of positive energy]

   It affects your strength (-2).
   It affects your intelligence (+3).
   It protects you from poison.
   It protects you from negative energy.
Wands
 d - a wand of enslavement (9/24)
 r - a wand of polymorph (7/24)
 y - a wand of digging (7/24)
 I - a wand of disintegration (10/24)
 S - a wand of paralysis (16/24)
 V - a wand of lightning (5/15)
 Z - a wand of iceblast (9/15)
Scrolls
 c - 2 scrolls of holy word
 i - 7 scrolls of teleportation
 l - 6 scrolls of remove curse
 m - a scroll of identify
 B - 3 scrolls of fog
 C - a scroll of enchant armour
 F - 5 scrolls of fear
 H - a scroll of recharging
 M - a scroll of summoning
 R - 4 scrolls of magic mapping
 U - 2 scrolls of blinking
Potions
 a - 3 potions of heal wounds
 e - 5 potions of might
 f - 6 potions of curing
 p - 6 potions of agility
 q - 9 potions of flight
 s - 2 potions of brilliance
 v - 8 potions of haste
 w - 3 potions of resistance
 z - 3 potions of ambrosia
 G - a potion of invisibility
 X - 2 potions of cancellation
Comestibles
 j - 12 fruits
 t - 2 meat rations


   Skills:
 + Level 13.4 Fighting
 + Level 10.2 Axes
 - Level 4.1 Armour
 + Level 9.8 Dodging
 - Level 1.5 Stealth
 - Level 4.0 Spellcasting
 + Level 16.5 Conjurations
 * Level 17.8 Fire Magic
 - Level 4.0 Invocations
 - Level 4.2 Evocations


You had one spell level left.
You knew the following spells:

 Your Spells              Type           Power        Failure   Level  Hunger
a - Flame Tongue          Conj/Fire      #####        1%          1    None
b - Throw Flame           Conj/Fire      ######       1%          2    None
c - Conjure Flame         Conj/Fire      ######..     1%          3    ##.....
d - Sticky Flame          Conj/Fire      ######..     1%          4    ####...
e - Bolt of Fire          Conj/Fire      ######....   3%          6    #######
f - Animate Skeleton      Necr           N/A          28%         1    None
g - Apportation           Tloc           #.....       28%         1    None
h - Fireball              Conj/Fire      ######....   1%          5    #####..


Dungeon Overview and Level Annotations

Branches:
Dungeon (15/15)            Temple (1/1) D:6            Lair (5/6) D:10
  Swamp (3/4) Lair:3        Snake (2/4) Lair:3        Slime (0/5) Lair:5
    Orc (2/2) D:10            Elf (1/3) Orc:2        Vaults (0/5) D:13
 Depths: D:15

Altars:
Ashenzari
Cheibriados
Dithmenos
Elyvilon
Fedhas
Gozag
Hepliaklqana
Kikubaaqudgha
Makhleb
Nemelex Xobeh
Okawaru
Qazlal
Ru
Sif Muna
Trog
Uskayaw
Vehumet
Wu Jian
Xom
Yredelemnul
Zin
The Shining One

Shops:
D:10 [   D:13 (   Orc:1 [   Orc:2 (*=[

Annotations:
D:1 part blocked off by bushes, not enough power :(
Swamp:3 2 transporters


Innate Abilities, Weirdness & Mutations

You have a pair of small antennae on your head.
You have sharp fingernails.
You are resistant to hostile enchantments. (MR+)
You are robust. (+10% HP)
Potions are less effective at restoring your health.


Message History

Unknown command.
You closely miss the naga warrior.
The naga warrior is severely wounded.
You feel sick.
The naga warrior is engulfed in blazing flames.
The naga warrior hits you with a battleaxe!!
* * * LOW HITPOINT WARNING * * *
The naga warrior constricts you.
The naga warrior's grasp on you weakens, but your attempt to escape fails.
The naga warrior is engulfed in blazing flames.
The naga warrior spits poison at you. The splash of poison hits you!
You resist.
* * * LOW HITPOINT WARNING * * *
The naga warrior constricts you.
Unknown command.
You escape the naga warrior's grasp.
You feel sick.
The naga sharpshooter casts a spell.
The naga sharpshooter magically shoots a bolt.
The bolt hits you!
You die...

##)...###. .. ). #..#.....
.. ###..# #.....### ##.
###..N. ##.#...... ... #...#
#..#....######.####)####..##
................NN)........#
..##.....#######N##.##.##...
.....#.#.##### #.#.>##.#
#..(...#.....###@......#
.......# #.......######
.......####.##.....#
.....Z......######.....
#.......##### .....
#......## .....# #......#
.....# #......# .....#
########


You could see a naga warrior, a naga sharpshooter and a naga mage.

Vanquished Creatures
  A tentacled monstrosity (Swamp:1)
  Gastronok (D:11)
  A thorn hunter (Swamp:1)
  An orc warlord (Orc:1)
  Nessos (D:14)
  Erolcha (Orc:1)
  A minotaur (Lab)
  An ogre mage (Orc:1)
  4 naga warriors
  2 vault guards (D:13)
  A rakshasa (D:14)
  3 centaur warriors
  14 hydras
  4 ghost crabs
  2 catoblepae
  4 alligators
  4 anacondas
  Erica (D:11)
  10 two-headed ogres
  2 death yaks
  A tengu warrior (D:13)
  An orc high priest (Orc:2)
  6 naga sharpshooters
  A skeletal warrior (D:13)
  2 unseen horrors
  2 shambling mangroves
  A deep troll (shapeshifter) (D:13)
  A wizard (D:13)
  4 naga ritualists
  3 orc knights
  2 swamp dragons
  3 necromancers (D:13)
  2 deep elf magi
  4 orc sorcerers
  7 salamanders
  9 ugly things
  2 wolf spiders
  4 mana vipers
  2 manticores
  2 cyclopes
  2 elephants (Lair:4)
  3 guardian serpents (Snake:2)
  3 naga magi (Snake:1)
  6 spiny frogs
  17 black mambas
  Psyche (D:9)
  A torpor snail (Lair:4)
  7 gargoyles
  3 centaur skeletons
  3 komodo dragons
  A komodo dragon (shapeshifter) (D:14)
  A kobold demonologist (D:12)
  8 rime drakes
  2 efreet
  12 trolls
  A meliai (shapeshifter) (D:14)
  3 meliai (Lair:4)
  A tengu conjurer (D:14)
  6 tyrant leeches
  2 harpy zombies (D:15)
  A queen bee (Lair:4)
  A wind drake (shapeshifter) (D:13)
  18 slime creatures
  7 bog bodies
  14 hornets
  11 blink frogs
  19 hippogriffs
  An air elemental (D:11)
  A wraith (D:12)
  5 spriggans
  Eustachio (D:5)
  3 shadows
  17 wyverns
  39 yaks
  A vampire (D:13)
  14 basilisks
  Grum (D:11)
  3 hogs
  19 vampire mosquitoes
  A fire elemental (D:11)
  20 humans
  A hungry ghost (D:7)
  A steam dragon (Lair:4)
  11 swamp worms
  7 wargs
  2 soldier ants (D:10)
  5 insubstantial wisps
  19 nagas
  2 hell hounds
  An acid dragon (D:13)
  7 porcupines
  9 water moccasins
  3 ice beasts
  26 orc warriors
  A swamp drake (Swamp:1)
  A phantom (D:13)
  3 sky beasts
  A black bear (Lair:3)
  2 eyes of draining
  16 ogres
  8 wolves
  A necrophage (D:13)
  5 centaurs
  5 crocodiles
  A big kobold (D:9)
  14 bullfrogs
  An earth elemental (D:11)
  2 wyvern skeletons (D:14)
  6 scorpions
  37 killer bees
  3 howler monkeys
  3 wights (D:6)
  An electric eel (Lair:1)
  6 centaur zombies
  7 jellies
  A quasit (D:13)
  5 crimson imps
  2 bullfrog zombies
  5 hounds
  Crazy Yiuf (D:3)
  5 orc priests
  7 iguanas
  Jessica (D:2)
  2 bullfrog skeletons
  Ijyb (D:3)
  17 orc wizards
  12 worker ants
  A killer bee zombie (D:10)
  A big kobold zombie (Ossuary)
  A hound zombie (D:9)
  2 hound skeletons
  4 mummies (Ossuary)
  14 adders
  8 gnolls
  A river rat (Lair:4)
  7 shadow imps
  An ooze (Lair:5)
  An adder zombie (D:8)
  2 adder skeletons
  7 worms
  10 dart slugs
  7 leopard geckos
  70 orcs
  2 ball pythons
  6 bats
  8 giant cockroaches
  13 goblins
  8 hobgoblins
  16 jackals
  7 quokkas
  7 frilled lizards
  A hobgoblin zombie (Ossuary)
  8 kobolds
  A quokka zombie (D:6)
  7 rats
  4 fungi
900 creatures vanquished.

Vanquished Creatures (collateral kills)
  2 alligators (Swamp:2)
  An unseen horror (D:13)
  A black mamba (Snake:2)
  2 spiny frogs
  A komodo dragon (Lair:5)
  2 rime drakes (Lair:5)
  A meliai (shapeshifter) (D:13)
  A slime creature (Swamp:1)
  2 hippogriffs
  A wyvern (Lair:5)
  A human (D:13)
  A yak (Lair:5)
  5 basilisks
  A naga (Lair:3)
  3 swamp worms
  2 porcupines
  A hell hound (Lair:5)
  A black bear (D:10)
  A centaur (D:10)
  A crocodile (Lair:1)
  2 bullfrogs
  A scorpion (D:11)
  4 killer bees (Lair:4)
  A crimson imp (D:10)
  A hound (D:10)
  A shadow imp (D:10)
  3 oozes (Lair:5)
  3 orcs
  A fungus (Lair:5)
  A plant (Lair:5)
49 creatures vanquished.

Vanquished Creatures (others)
  Kirke (D:13)
  3 spiny frogs
  A centaur skeleton (D:13)
  A rime drake (Lair:5)
  A hornet (Swamp:3)
  A water elemental (D:11)
  A wyvern skeleton (D:13)
  A howler monkey (D:11)
  A bullfrog skeleton (D:13)
  An orc (D:13)
  15 fungi
  13 plants
40 creatures vanquished.

Grand Total: 989 creatures vanquished

Notes
Turn   | Place    | Note
-------+----------+-------------------------------------------
     0 | D:1      | tilp the Hill Orc Fire Elementalist began the quest for the Orb.
     0 | D:1      | Reached XP level 1. HP: 14/14 MP: 3/3
   153 | D:1      | Reached XP level 2. HP: 20/20 MP: 1/5
   792 | D:1      | Learned a level 2 spell: Throw Flame
  1079 | D:1      | Reached XP level 3. HP: 26/26 MP: 4/6
  1084 | D:1      | Learned a level 3 spell: Conjure Flame
  1525 | D:2      | Noticed Jessica
  1560 | D:2      | Killed Jessica
  1560 | D:2      | Reached XP level 4. HP: 29/33 MP: 1/7
  2390 | D:2      | Reached skill level 4 in Fire Magic
  2606 | D:3      | Reached XP level 5. HP: 38/38 MP: 3/8
  2853 | D:3      | Found a runed door.
  3249 | D:3      | Noticed Ijyb
  3548 | D:3      | Upgraded the game from 0.21-a0-153-g78480df to 0.21-a0-154-gb5400c9
  3675 | D:3      | Killed Ijyb
  4055 | D:3      | Noticed Crazy Yiuf
  4075 | D:3      | Killed Crazy Yiuf
  4075 | D:3      | Reached XP level 6. HP: 9/45 MP: 1/9
  4359 | D:4      | Found a snail-covered altar of Cheibriados.
  4795 | D:4      | Found a sand-covered staircase.
  4805 | Ossuary  | Entered an ossuary
  4822 | Ossuary  | Reached skill level 5 in Conjurations
  4844 | Ossuary  | Reached skill level 5 in Fire Magic
  5458 | D:4      | Reached XP level 7. HP: 50/50 MP: 7/10
  5489 | D:4      | Learned a level 4 spell: Sticky Flame
  5674 | D:4      | You fall through a shaft for 3 floors!
  5731 | D:7      | Reached skill level 6 in Fire Magic
  5734 | D:7      | Gained mutation: Scrolls take you a little longer to read. [mutagenic meat]
  5735 | D:7      | Gained mutation: You are frail. (-10% HP) [mutagenic meat]
  5736 | D:7      | Gained mutation: You have a pair of small antennae on your head. [mutagenic meat]
  5737 | D:7      | Gained mutation: Your magical capacity is low. (-10% MP) [mutagenic meat]
  5907 | D:6      | Found a staircase to the Ecumenical Temple.
  5915 | Temple   | Entered the Ecumenical Temple
  5928 | Temple   | Became a worshipper of Warmaster Okawaru
  6148 | D:5      | Entered Level 5 of the Dungeon
  6494 | D:4      | Reached skill level 7 in Fire Magic
  6494 | D:4      | Reached XP level 8. HP: 50/51 MP: 0/10
  6601 | D:4      | Learned a level 1 spell: Summon Small Mammal
  7106 | D:5      | Noticed Eustachio
  7170 | D:5      | Killed Eustachio
  7947 | D:5      | Reached * piety under Okawaru
  7947 | D:5      | Reached skill level 8 in Fire Magic
  8595 | D:6      | Reached skill level 1 in Fighting
  9478 | D:6      | You fall through a shaft for 3 floors!
  9478 | D:9      | Noticed a two-headed ogre
  9511 | D:8      | Reached XP level 9. HP: 49/60 MP: 3/11
 10319 | D:7      | Gained mutation: Your body sometimes deteriorates upon taking damage. [mutagenic meat]
 10320 | D:7      | Gained mutation: Scrolls take you longer to read. [mutagenic meat]
 10448 | D:7      | Reached ** piety under Okawaru
 10638 | D:7      | Learned a level 1 spell: Animate Skeleton
 10640 | D:7      | Learned a level 1 spell: Apportation
 10738 | D:7      | Reached skill level 9 in Fire Magic
 11598 | D:9      | Killed a two-headed ogre
 11598 | D:9      | Reached XP level 10. HP: 37/71 MP: 0/13
 11932 | D:9      | Reached skill level 10 in Fire Magic
 12274 | D:9      | Reached *** piety under Okawaru
 12388 | D:9      | Noticed Psyche
 12399 | D:9      | Killed Psyche
 12585 | D:9      | Noticed a two-headed ogre
 12707 | D:8      | Reached skill level 5 in Fighting
 13309 | D:10     | Entered Level 10 of the Dungeon
 13364 | D:10     | Reached **** piety under Okawaru
 13500 | D:10     | Found a staircase to the Orcish Mines.
 13617 | D:10     | Noticed a gargoyle
 13640 | D:10     | Killed a gargoyle
 13726 | D:10     | Lost mutation: You are frail. (-10% HP) [mutagenic meat]
 13729 | D:10     | Lost mutation: Scrolls take you longer to read. [mutagenic meat]
 13730 | D:10     | Gained mutation: Potions are less effective at restoring your health. [mutagenic meat]
 13955 | D:10     | Noticed a gargoyle
 13968 | D:10     | Killed a gargoyle
 14159 | D:10     | Noticed a gargoyle
 14167 | D:10     | Killed a gargoyle
 14329 | D:10     | Found a staircase to the Lair.
 14400 | D:10     | Noticed a two-headed ogre
 14428 | D:10     | Killed a two-headed ogre
 14428 | D:10     | Reached ***** piety under Okawaru
 14428 | D:10     | Reached skill level 11 in Fire Magic
 14428 | D:10     | Reached XP level 11. HP: 85/89 MP: 7/15
 14526 | D:10     | Received a gift from Okawaru
 14527 | D:10     | Got a fine hat {god gift}
 14536 | D:10     | Identified the +0 hat of Okawaru's Generosity {rC+ MR+ Int+2} (Okawaru gifted it to you on level 10 of the Dungeon)
 14600 | D:10     | Found Xuirom's Antique Armour Shoppe.
 14632 | D:10     | Reached skill level 10 in Conjurations
 14636 | D:10     | Bought a runed cloak for 180 gold pieces
 14636 | D:10     | Bought a pair of runed gloves for 180 gold pieces
 14922 | D:10     | Learned a level 5 spell: Fireball
 15217 | D:9      | Killed a two-headed ogre
 15217 | D:9      | Reached skill level 5 in Dodging
 15778 | Lair:1   | Entered Level 1 of the Lair of Beasts
 15793 | Lair:1   | You fall through a shaft!
 16068 | D:11     | Noticed Gastronok
 16148 | D:11     | Reached skill level 12 in Fire Magic
 16158 | D:11     | Noticed a two-headed ogre
 16180 | D:11     | Found a labyrinth entrance.
 16348 | Lab      | Entered a labyrinth
 16833 | Lab      | Noticed a minotaur
 16844 | Lab      | Killed a minotaur
 16899 | D:11     | Noticed Grum
 16903 | D:11     | Noticed Erica
 17264 | Orc:1    | Entered Level 1 of the Orcish Mines
 17264 | Orc:1    | Found a burning altar of Makhleb.
 18166 | Orc:1    | Noticed Erolcha
 18181 | Orc:1    | Killed Erolcha
 18181 | Orc:1    | Reached XP level 12. HP: 83/101 MP: 9/16
 18451 | Orc:2    | Entered Level 2 of the Orcish Mines
 18451 | Orc:2    | Found Quol's General Store.
 18451 | Orc:2    | Noticed an orc warlord
 18451 | Orc:2    | Noticed an orc high priest
 19634 | Lair:1   | Reached ****** piety under Okawaru
 20914 | Lair:3   | Reached skill level 13 in Fire Magic
 20965 | Lair:3   | Noticed a six-headed hydra
 20977 | Lair:3   | Killed a six-headed hydra
 21271 | Lair:3   | Found a staircase to the Snake Pit.
 21306 | Lair:3   | Received a gift from Okawaru
 21467 | Lair:3   | Found a staircase to the Swamp.
 21643 | Lair:3   | You fall through a shaft!
 21643 | Lair:4   | Noticed a catoblepas
 21646 | Lair:4   | Noticed a death yak
 22592 | Lair:3   | Killed a death yak
 22960 | Lair:4   | Received a gift from Okawaru
 23419 | Lair:4   | Reached XP level 13. HP: 99/111 MP: 0/17
 23919 | Lair:4   | Reached skill level 14 in Fire Magic
 24423 | Lair:4   | Received a gift from Okawaru
 24426 | Lair:4   | Got a brightly glowing broad axe {god gift}
 24427 | Lair:4   | Identified the +3 broad axe of the World {chop, *Drain MR+ Str+4} (Okawaru gifted it to you on level 4 of the Lair of Beasts)
 24653 | Lair:4   | Reached skill level 1 in Axes
 24884 | Lair:4   | Got a shimmering hand axe
 24885 | Lair:4   | Identified the +3 hand axe "Jeodehon" {freeze, MR- MP+9 Stlth+} (You found it on level 4 of the Lair of Beasts)
 26485 | Lair:5   | Received a gift from Okawaru
 26497 | Lair:5   | Got a slimy hat {god gift}
 26508 | Lair:5   | Identified the +1 hat of Raisynei {+Blink rC+ Str-5} (Okawaru gifted it to you on level 5 of the Lair of Beasts)
 26587 | Lair:5   | Found a staircase to the Slime Pits.
 26673 | Lair:5   | Reached skill level 10 in Fighting
 27603 | Lair:5   | Reached skill level 1 in Invocations
 27965 | D:11     | Found a large runed door.
 27965 | D:11     | Found a large runed door.
 28005 | D:11     | Reached XP level 14. HP: 121/121 MP: 18/18
 28071 | D:11     | Killed Erica
 28236 | D:11     | Reached skill level 1 in Evocations
 28349 | D:11     | Killed Grum
 28750 | D:12     | Got a warped ring mail
 29062 | D:12     | Reached skill level 15 in Fire Magic
 29238 | D:12     | Got a scintillating brass ring
 29712 | D:13     | Reached skill level 5 in Axes
 29898 | D:13     | Received a gift from Okawaru
 30544 | D:13     | Found Zicosh's Weapon Emporium.
 31136 | D:13     | Gained mutation: You have sharp toenails. [mutagenic meat]
 31137 | D:13     | Gained mutation: Your body often deteriorates upon taking damage. [mutagenic meat]
 31354 | D:13     | Paralysed by a hornet for 2 turns
 31913 | D:13     | Received a gift from Okawaru
 32027 | D:13     | Found a gate to the Vaults.
 32132 | D:13     | Identified the +2 ring mail "Emmuarcha" {rF+ rC+ Stlth+} (You found it on level 12 of the Dungeon)
 32138 | D:13     | Identified the ring "Eblubuerr" {rPois rN+ Str-2 Int+3} (You found it on level 12 of the Dungeon)
 33577 | D:12     | Reached XP level 15. HP: 120/130 MP: 18/18
 33615 | D:13     | Noticed Kirke
 33626 | D:13     | Killed Kirke
 33904 | D:14     | Received a gift from Okawaru
 34295 | D:14     | Noticed Nessos
 34303 | D:14     | Killed Nessos
 34411 | D:14     | Reached skill level 16 in Fire Magic
 36106 | D:13     | Received a gift from Okawaru
 36620 | D:15     | Entered Level 15 of the Dungeon
 36630 | D:15     | Received a gift from Okawaru
 36634 | D:15     | Got a faintly glowing hat {god gift}
 36652 | D:15     | Identified the +2 hat "Useonol" {+Blink rF+ Slay-4} (Okawaru gifted it to you on level 15 of the Dungeon)
 37734 | D:11     | Killed Gastronok
 37734 | D:11     | Reached skill level 15 in Conjurations
 38236 | Orc:1    | Killed an orc warlord
 39939 | Orc:2    | Found Saha's Jewellery Emporium.
 40146 | Orc:2    | Reached XP level 16. HP: 88/139 MP: 19/19
 40331 | Orc:2    | Found Iplairuev's Antique Armour Shoppe.
 40407 | Orc:2    | Reached skill level 1 in Armour
 40437 | Orc:2    | Found a staircase to the Elven Halls.
 40554 | Orc:2    | Found Xyigis's Antique Weapon Shoppe.
 40967 | Orc:1    | Found Fawkes's Armour Emporium.
 41103 | Orc:2    | Bought a book of the Tempests for 910 gold pieces
 41114 | Orc:2    | Bought a +5 ring of protection for 660 gold pieces
 41127 | Orc:2    | Bought a scroll of teleportation for 39 gold pieces
 41127 | Orc:2    | Bought a scroll of summoning for 123 gold pieces
 41156 | Elf:1    | Entered Level 1 of the Elven Halls
 41598 | Lair:1   | Lost mutation: You have sharp toenails. [potion of mutation]
 41598 | Lair:1   | Lost mutation: Your body often deteriorates upon taking damage. [potion of mutation]
 41598 | Lair:1   | Lost mutation: Your body sometimes deteriorates upon taking damage. [potion of mutation]
 41598 | Lair:1   | Lost mutation: Your magical capacity is low. (-10% MP) [potion of mutation]
 41598 | Lair:1   | Lost mutation: Scrolls take you a little longer to read. [potion of mutation]
 41598 | Lair:1   | Gained mutation: You are resistant to hostile enchantments. (MR+) [potion of mutation]
 41598 | Lair:1   | Gained mutation: You are robust. (+10% HP) [potion of mutation]
 41598 | Lair:1   | Gained mutation: You have sharp fingernails. [potion of mutation]
 41631 | Lair:1   | Learned a level 5 spell: Bolt of Magma
 41715 | Swamp:1  | Entered Level 1 of the Swamp
 42775 | Swamp:1  | Noticed a thorn hunter
 42796 | Swamp:1  | Killed a thorn hunter
 43226 | Swamp:1  | Paralysed by a hornet for 3 turns
 43775 | Lair:1   | Learned a level 6 spell: Bolt of Fire
 44653 | Swamp:1  | Noticed a tentacled monstrosity
 44669 | Swamp:1  | Killed a tentacled monstrosity
 44669 | Swamp:1  | Received a gift from Okawaru
 45141 | Swamp:2  | Reached skill level 17 in Fire Magic
 47440 | Swamp:3  | Found a transporter.
 47613 | Swamp:3  | Received a gift from Okawaru
 48377 | Swamp:3  | Paralysed by a hornet for 1 turns
 49226 | Swamp:3  | Found a transporter.
 49643 | Snake:1  | Entered Level 1 of the Snake Pit
 50440 | Snake:1  | Reached XP level 17. HP: 81/163 MP: 12/23
 50778 | Snake:1  | Received a gift from Okawaru
 50781 | Snake:1  | Got an ichor-stained great mace {god gift}
 52890 | Snake:1  | Reached skill level 10 in Axes
 54473 | Snake:2  | Received a gift from Okawaru
 54502 | Snake:2  | Shot with a bolt by a naga sharpshooter

Vault maps used:
D:1:      lightli_arrival_statuegarden, serial_forest,
          infiniplex_forest_straight_2, infiniplex_forest_end_3,
          infiniplex_forest_lined_3, infiniplex_forest_end_3,
          infiniplex_forest_lined_corner, infiniplex_forest_clump_small,
          infiniplex_forest_corner_1, minivault_25, roderic_lattice_a,
          corner_web_ring, minmay_misc_feat_encased
D:2:      uniq_jessica
D:3:      kennysheep_slugbush, uniq_ijyb, uniq_crazy_yiuf_cottage
D:4:      kennysheep_mini, nicolae_ossuary_entry_ruins, wad_floor_pattern_1,
          bh_walls_and_bars
D:5:      first_bread, uniq_eustachio
D:6:      minmay_temple_entry_glass
D:9:      serial_glass, glass_columns_a, glass_columns_b, glass_columns_b,
          glass_columns_a, glass_columns_a, glass_columns_b, glass_columns_c,
          glass_columns_a, enter_bailey_2, uniq_psyche
D:10:     lair_entry_dummy, david_orc_1_choice, serial_shops,
          nicolae_shop_stone, hangedman_pestilent_swarm
D:11:     lab_entry_generic, lightli_elemental_guards, uniq_gastronok,
          uniq_erica, uniq_grum
D:13:     minmay_isolated_rectangles_in_corner, grunt_vaults_entry_tiered,
          serial_shops, shop_fountains, kennysheep_kite_vault, uniq_kirke
D:14:     infiniplex_staircase_door_maze, uniq_nessos
D:15:     grunt_enter_depths_hoard, hangedman_decor_push, minmay_st_funbox
Temple:   minmay_crystal_snake_temple
Lair:1:   lemuel_fruit_fields, grunt_megastairs_3, serial_bayou_shore_a
Lair:2:   small_statue_intersection
Lair:3:   swamp_mist_pool, minmay_snake_entry_guardpost_small,
          grunt_forest_large_clearing_hut
Lair:4:   regret_index_tunnel_blossom, nicolae_lair_yak_garden
Lair:5:   nicolae_slime_entry_slimehenge
Swamp:1:  nicolae_swamp_triple_paths, hangedman_swamp_blocks
Swamp:2:  evilmike_swamp_ruin_rubble_2, swamp_pool4
Swamp:3:  gammafunk_its_a_trap, hangedman_swamp_pad, infiniplex_staircase_pool
Snake:1:  lemuel_fruit_tree
Snake:2:  uniq_jorgrun, uniq_vashnia
Orc:1:    serial_shops, nicolae_shop_behind_doors, basic_altar, uniq_erolcha
Orc:2:    grunt_orc_gardens, grunt_orc_garden, grunt_orc_garden,
          grunt_orc_garden, grunt_orc_garden, lightli_orcish_oven
Elf:1:    evilmike_minifort, door_vault, uniq_agnes
Lab:      labyrinth_mini_lab, nicolae_lab_grate, lab_block, nicolae_lab_arrow
Ossuary:  ossuary_the_hunt_dpeg

Skill      XL: |  1  2  3  4  5  6  7  8  9 10 11 12 13 14 15 16 17 |
---------------+----------------------------------------------------+-----
Spellcasting   | 2 3 4 |  4.0
Conjurations   | 2 3 4 5 6 7 8 9 11 12 13 14 15 16 | 16.5
Fire Magic     | 4 5 7 8 9 11 12 13 14 15 16 17 | 17.8
Fighting       | 2 4 6 7 9 10 11 12 13 | 13.4
Dodging        | 2 3 4 5 6 7 8 9 |  9.8
Axes           | 4 6 8 9 10 | 10.2
Invocations    | 1 4 |  4.0
Evocations     | 3 4 |  4.2
Armour         | 4 |  4.1
Stealth        | |  1.5

Action                   |  1- 3 |  4- 6 |  7- 9 | 10-12 | 13-15 | 16-18 || total
-------------------------+-------+-------+-------+-------+-------+-------++-------
Melee: Dagger            |   105 |    80 |       |       |       |       ||   185
       Short sword       |       |   166 |   353 |   588 |    70 |       ||  1177
       Punch             |       |       |       |     1 |       |       ||     1
       Broad axe         |       |       |       |       |  1092 |   867 ||  1959
Throw: Stone             |       |     2 |     4 |       |       |       ||     6
       Javelin           |       |       |       |       |     9 |     4 ||    13
       Tomahawk          |       |       |       |       |     6 |       ||     6
 Cast: Flame Tongue      |    49 |    87 |   138 |   133 |    96 |    39 ||   542
       Throw Flame       |       |    16 |     7 |    13 |    16 |     8 ||    60
       Conjure Flame     |       |     2 |    12 |    17 |    25 |     7 ||    63
       Sticky Flame      |       |       |    10 |    91 |   125 |   100 ||   326
       Summon Small Mamm |       |       |     2 |       |     1 |       ||     3
       Animate Skeleton  |       |       |     8 |    50 |    59 |    16 ||   133
       Fireball          |       |       |       |     3 |    14 |     5 ||    22
       Bolt of Fire      |       |       |       |       |       |    17 ||    17
       Bolt of Magma     |       |       |       |       |       |     3 ||     3
Invok: Heroism           |       |       |       |     5 |    14 |     8 ||    27
       Finesse           |       |       |       |     1 |     7 |     1 ||     9
Evoke: Wand              |       |       |     1 |     1 |     5 |     1 ||     8
  Use: Scroll            |     2 |     2 |    16 |    17 |    11 |     4 ||    52
       Potion            |       |     1 |     1 |     2 |     2 |     7 ||    13
 Stab: Sleeping          |     1 |     4 |     4 |     1 |       |       ||    10
       Distracted        |       |     1 |     1 |     2 |     2 |     1 ||     7
  Eat: Chunk             |     3 |     9 |    20 |    23 |    32 |    13 ||   100
       Bread ration      |       |     1 |     1 |     3 |     2 |     5 ||    12
       Royal jelly       |       |     1 |     1 |     5 |     9 |     5 ||    21
       Meat ration       |       |       |     1 |     3 |     1 |     4 ||     9
       Fruit             |       |       |     1 |     2 |    22 |    13 ||    38
Armor: Robe              |    13 |    76 |   190 |   270 |   173 |       ||   722
       Chain mail        |       |       |       |     3 |       |       ||     3
       Gold dragon scale |       |       |       |     2 |       |       ||     2
       Ring mail         |       |       |       |       |   282 |   641 ||   923
Dodge: Dodged            |    39 |   153 |   316 |   666 |  1327 |   706 ||  3207
Block: Buckler           |       |       |       |    32 |   225 |   272 ||   529
       Reflection        |       |       |       |       |     8 |     9 ||    17
